 Dungeon Crawl Stone Soup version 0.26.0-16-gc1dbca0489 (webtiles) character file.

Game seed: 8581769496067660336

89900 EnegeticOcto the Stormcaller (level 16, -6/102 HPs)
             Began as a Kobold Air Elementalist on Jan 20, 2021.
             Was a High Priest of Vehumet.
             Mangled by a boulder beetle (52 damage)
             ... on level 13 of the Dungeon.
             The game lasted 00:55:52 (35423 turns).

EnegeticOcto the Stormcaller (KoAE)                Turns: 35423, Time: 00:55:53

Health: -6/102     AC: 14    Str:  7    XL:     16   Next: 45%
Magic:  39/50      EV: 23    Int: 22    God:    Vehumet [*****.]
Gold:   684        SH:  0    Dex: 19    Spells: 10/39 levels left

rFire    . . .     SeeInvis .   w - +2 dagger (distort)
rCold    . . .     Faith    .   (shield restricted)
rNeg     . . .     Spirit   .   v - +2 steam dragon scales
rPois    .         Reflect  .   Y - +0 hat {Will+}
rElec    .         Harm     .   F - +3 cloak "Icuotat" {Dex+4 Stlth+}
rCorr    .         Rampage  .   j - +1 pair of gloves
Will     ++...                  (no boots)
Stlth    ++++++....             N - amulet of magic regeneration
HPRegen  0.27/turn              y - ring of magical power
MPRegen  0.57/turn              K - ring of magical power

@: lethally poisoned (-6 -> -13)
A: small, nightstalker 3
a: Renounce Religion


You were on level 13 of the Dungeon.
You worshipped Vehumet.
Vehumet was extremely pleased with you.
You visited 4 branches of the dungeon, and saw 22 of its levels.

You collected 2976 gold pieces.
You spent 2292 gold pieces at shops.

Inventory:

Hand Weapons
 w - a +2 dagger of distortion (weapon)
   (You found it on level 5 of the Dungeon)
Missiles
 n - 37 poisoned darts (quivered)
 V - 3 throwing nets {!f}
Armour
 j - a +1 pair of gloves (worn)
   (You found it on level 1 of the Dungeon)
 v - +2 steam dragon scales (worn)
   (You took it off Maggie on level 7 of the Dungeon)
 x - a +1 robe of resistance
   (You bought it in a shop on level 2 of the Orcish Mines)
 F - the +3 cloak "Icuotat" (worn) {Dex+4 Stlth+}
   (You found it on level 8 of the Dungeon)

   It affects your dexterity (+4).
   It makes you more stealthy.
 Y - a +0 hat of willpower (worn)
   (You found it on level 1 of the Orcish Mines)
Jewellery
 b - an uncursed ring of ice
   (You found it on level 2 of the Dungeon)
 y - a ring of magical power (left hand)
   (You bought it in a shop on level 6 of the Dungeon)
 C - an uncursed amulet of regeneration
   (You found it on level 8 of the Dungeon)
 K - a ring of magical power (right hand)
   (You bought it in a shop on level 6 of the Dungeon)
 N - an amulet of magic regeneration (around neck)
   (You found it on level 3 of the Lair of Beasts)
 P - an uncursed amulet of the acrobat
   (You found it on level 3 of the Lair of Beasts)
 R - an uncursed ring of wizardry
   (You found it on level 5 of the Lair of Beasts)
Wands
 q - a wand of acid (32) {@v1}
   (You found it on level 8 of the Dungeon)
 s - a wand of digging (6) {@v3}
   (You bought it in a shop on level 2 of the Orcish Mines)
 z - a wand of polymorph (14)
   (You found it on level 7 of the Dungeon)
 G - a wand of iceblast (24) {@v2}
   (You found it on level 9 of the Dungeon)
 L - a wand of enslavement (12)
   (You took it off Urug on level 2 of the Lair of Beasts)
 X - a wand of flame (30) {@v4}
   (You took it off an orc on level 1 of the Orcish Mines)
 Z - a wand of paralysis (4)
   (You bought it in a shop on level 2 of the Orcish Mines)
Scrolls
 c - 5 scrolls of immolation
 d - 6 scrolls of magic mapping {@r5 !r}
 e - 5 scrolls of amnesia
 g - a scroll of acquirement
 m - 10 scrolls of remove curse {@r2}
 t - 5 scrolls of teleportation {@r3 !r}
 u - 2 scrolls of blinking {@r4}
 I - a scroll of silence
 J - a scroll of fear {!r}
 M - 2 scrolls of fog {!r}
 O - a scroll of vulnerability
 Q - 2 scrolls of identify {@r1}
 U - a scroll of torment
Potions
 a - a potion of brilliance
 f - 3 potions of attraction
 h - 3 potions of mutation
 i - 10 potions of ambrosia
 k - 2 potions of resistance
 l - 5 potions of heal wounds {@q2 !q}
 o - 9 potions of curing {@q1 !q}
 p - a potion of invisibility
 r - a potion of flight
 A - 3 potions of might {@q3 !q}
 B - a potion of magic
 D - 3 potions of lignification {@q6}
 E - a potion of berserk rage
 H - a potion of haste {@q4 !q}
 W - a potion of cancellation
Miscellaneous
 S - a phantom mirror
   (You found it on level 5 of the Lair of Beasts)
 T - a lightning rod (4/4)
   (You found it on level 6 of the Lair of Beasts)


   Skills:
 + Level 12.3 Fighting
 - Level 4.0 Armour
 - Level 10.0 Dodging
 - Level 7.0 Stealth
 - Level 12.0 Spellcasting
 + Level 11.1 Conjurations
 - Level 3.7 Summonings
 - Level 15.0 Air Magic
 - Level 9.0 Evocations


You had 10 spell levels left.
You knew the following spells:

 Your Spells              Type           Power        Failure   Level
a - Airstrike             Air            34%          1%          4
b - Static Discharge      Conj/Air       63%          1%          3
c - Lightning Bolt        Conj/Air       31%          1%          5
d - Shock                 Conj/Air       100%         0%          1
e - Mephitic Cloud        Conj/Pois/Air  51%          1%          3
f - Fulminant Prism       Conj/Hex       18%          1%          4
g - Spellforged Servitor  Conj/Summ      23%          43%         7
V - Swiftness             Air            68%          0%          2

Your spell library contained the following spells:

 Spells                   Type           Power        Failure   Level
 Eringya's Noxious Bog    Tmut/Pois      6%           85%         6
 Foxfire                  Conj/Fire      100%         1%          1
 Magic Dart               Conj           100%         1%          1
 Call Imp                 Summ           29%          1%          2
 Conjure Flame            Conj/Fire      37%          1%          3
 Sticky Flame             Conj/Fire      37%          1%          4
 Iskenderun's Battlesphe  Conj           58%          1%          5
 Inner Flame              Hex/Fire       13%          4%          3
 Fireball                 Conj/Fire      18%          4%          5
 Blink                    Tloc           N/A          8%          2
 Slow                     Hex            13%          8%          2
 Confusing Touch          Hex            13%          14%         3
 Gell's Gravitas          Tloc           6%           14%         3
 Yara's Violent Unravell  Hex/Tmut       6%           32%         5
 Petrify                  Tmut/Erth      13%          43%         4
 Metabolic Englaciation   Hex/Ice        6%           80%         5


Dungeon Overview and Level Annotations

Branches:
Dungeon (13/15)            Temple (1/1) D:6            Lair (6/6) D:10
 Shoals (0/4) Lair:2        Snake (0/4) Lair:3        Slime (0/5) Lair:5
    Orc (2/2) D:10            Elf (0/3) Orc:2
 Vaults: D:13-14

Altars:
Ashenzari
Cheibriados
Dithmenos
Fedhas
Gozag
Hepliaklqana
Kikubaaqudgha
Makhleb
Nemelex Xobeh
Okawaru
Qazlal
Ru
Sif Muna
Trog
Uskayaw
Vehumet
Wu Jian
Xom
Yredelemnul
Zin
The Shining One
Jiyva

Shops:
D:6 =*   D:9 !   D:12 !   Orc:2 *}?[

Portals:
Pandemonium: Orc:2
Trove: D:11 (give +5 demon trident)

Annotations:
D:5 exclusion: downstairs
D:7 2 transporters, P0WERM0DE's ghost, novice OpFE
Lair:3 2 transporters
Lair:5 1 runed translucent door


Innate Abilities, Weirdness & Mutations

You are small and have problems with some larger weapons.
You are completely attuned to the shadows.


Message History

You feel your power returning.
You feel a bit more experienced.
The fiery explosion engulfs the vault guard!!
Vehumet accepts your kill.
You feel your power returning.
The fiery explosion engulfs the vault guard!
Flame seeps out of the vault guard.
The vault guard is severely wounded.
The vault guard explodes!
The fiery explosion engulfs the vault guard!!
Vehumet accepts your kill.
You feel your power returning.
The fiery explosion engulfs the green ugly thing!!!
Flame seeps out of the green ugly thing.
The green ugly thing is almost dead.
The vault guard explodes!
The fiery explosion engulfs the vault guard!!
Flame seeps out of the vault guard.
The vault guard is heavily wounded.
The fiery explosion engulfs the rakshasa!
Flame seeps out of the rakshasa.
The rakshasa is moderately wounded.
You hear an explosion!
You feel sick.
The bullfrog hits you but does no damage.
The rakshasa is engulfed in blazing flames.
Flame seeps out of the rakshasa.
The green ugly thing is engulfed in blazing flames.
Vehumet accepts your kill.
You feel your power returning.
The green ugly thing explodes!
The fiery explosion engulfs the rakshasa!!
Flame seeps out of the rakshasa.
The rakshasa is almost dead.
The bullfrog barely misses you.
The vault guard is engulfed in blazing flames.
Flame seeps out of the vault guard.
An orc comes into view. It is wielding a +0 flail.
Vehumet accepts your kill.
You feel your power returning.
You feel a bit more experienced.
The rakshasa is engulfed in blazing flames.
Vehumet accepts your kill.
You feel your power returning.
The rakshasa explodes!
The fiery explosion engulfs the vault guard!!
Vehumet accepts your kill.
You feel your power returning.
The vault guard explodes!
Your Fighting skill increases to level 12!
Casting: Airstrike (safe; 1% risk of failure)
Confirm with . or Enter, or press ? or * to list all spells.
Aiming: Airstrike (safe; 1% risk of failure)
Press: ? - help, Dir - move target, f - bullfrog
Aim: a bullfrog (inner flame)
Okay, then.
An orc comes into view. It is wielding a +0 club.
You feel sick. The bullfrog completely misses you.
An orc warrior comes into view. It is wielding a +0 long sword.
Jorgrun is engulfed in blazing flames.
Jorgrun mutters some incantations to himself.
Casting: Airstrike (safe; 1% risk of failure)
Confirm with . or Enter, or press ? or * to list all spells.
Aiming: Airstrike (safe; 1% risk of failure)
Press: ? - help, Dir - move target, f - Jorgrun
Aim: Jorgrun, wielding a +0 vorpal quarterstaff and wearing a +0 robe (flame, heavily wounded)
The air twists around and strikes Jorgrun!
Jorgrun is severely wounded.
You feel sick. The bullfrog closely misses you.
A boulder beetle comes into view.
The bullfrog barely misses you.
Casting: Airstrike (safe; 1% risk of failure)
Confirm with . or Enter, or press ? or * to list all spells.
Aiming: Airstrike (safe; 1% risk of failure)
Press: ? - help, Dir - move target, f/p - Jorgrun
Aim: Jorgrun, wielding a +0 vorpal quarterstaff and wearing a +0 robe (flame, severely wounded)
The air twists around and strikes Jorgrun!
Jorgrun is severely wounded.
You feel sick.
Jorgrun is engulfed in blazing flames.
Jorgrun says, "'tis place shall be yer tomb!"
The bullfrog misses you. The orc barely misses you.
Casting: Airstrike (safe; 1% risk of failure)
Confirm with . or Enter, or press ? or * to list all spells.
Aiming: Airstrike (safe; 1% risk of failure)
Press: ? - help, Dir - move target, f/p - Jorgrun
Aim: Jorgrun, wielding a +0 vorpal quarterstaff and wearing a +0 robe (flame, almost dead)
The air twists around and strikes Jorgrun!
You kill Jorgrun!
Vehumet accepts your kill.
You feel your power returning.
You feel sick. The bullfrog closely misses you. The orc completely misses you.
The bullfrog completely misses you.
Your Conjurations skill increases to level 11!
You feel sick.
The boulder beetle is engulfed in blazing flames.
The boulder beetle curls into a ball and begins rolling!
The orc hits you with a +0 club.
You feel sick.
An orc priest comes into view. It is wielding a +0 dagger.
The bullfrog barely misses you. The orc closely misses you.
You feel sick. The boulder beetle hits you!!!
Ouch! That really hurt!
You die...

......#.###...........#
......'.# #...........#
......### #...........#
....)..# #...........#
..##...# ####+########
##..# ##.## ##..#
##.@.# o# ##.BF.#.
..)#§°.oo.o.
.)Q§☼..o....
..)#☼...##.. .# ##...#
.. ##.... ##..#


You could see a boulder beetle, an orc warrior, a bullfrog (inner flame), an orc
priest and 2 orcs.

Vanquished Creatures
  Jorgrun (D:13)
  An orc warlord (Orc:2)
  An ettin (Orc:1)
  A rakshasa (D:13)
  Fannar (Orc:1)
  4 vault guards (D:13)
  6 hydras
  Harold (D:11)
  A boulder beetle (Lair:4)
  An alligator (Lair:5)
  4 catoblepae
  A centaur warrior (D:13)
  2 two-headed ogres
  11 death yaks (Lair:6)
  The ghost of Quickbrownfox the Slinger, a novice DsIE of Vehumet (D:9)
  5 orc high priests (Orc:2)
  Urug (Lair:2)
  Nergalle (Lair:3)
  A torturous demonspawn (Orc:2)
  2 unseen horrors
  A gelid demonspawn (Orc:2)
  An infernal demonspawn (Orc:2)
  6 orc knights
  Pikel (D:7)
  3 deep elf magi
  An ugly thing (D:13)
  8 orc sorcerers (Orc:2)
  4 oklob plants (Lair:5)
  3 manticores
  A cyclops (D:13)
  4 elephants (Lair:4)
  2 black mambas
  Maurice (Orc:2)
  2 smoke demons (Orc:2)
  Maggie (D:7)
  14 cane toads
  2 kobold demonologists
  4 rime drakes
  9 komodo dragons
  A hellwing (Orc:2)
  An ice devil (Orc:2)
  A red devil (Orc:2)
  A polar bear (Lair:1)
  A queen bee (D:9)
  4 trolls
  2 tyrant leeches (Lair:5)
  Prince Ribbit (Lair:2)
  A hornet (D:8)
  16 blink frogs
  13 dream sheep
  A water elemental (D:11)
  2 wraiths
  6 wyverns
  54 yaks
  A chaos spawn (Orc:2)
  Grum (D:9)
  5 basilisks
  3 nagas (Lair:3)
  5 wargs
  6 swamp worms (Lair:5)
  6 water moccasins
  33 orc warriors
  3 sky beasts
  3 swamp drakes
  5 ice beasts
  13 ogres
  5 black bears
  An eye of draining (D:9)
  The ghost of akumoriri the Insei, an amateur GnTm of Sif Muna (D:3)
  7 centaurs
  22 wolves
  15 big kobolds
  12 bullfrogs
  A wyvern zombie (D:7)
  4 scorpions
  30 killer bees (D:9)
  5 wights (D:10)
  8 electric eels
  6 howler monkeys
  A crimson imp (Orc:1)
  A centaur zombie (D:10)
  2 quasits
  21 orc priests
  4 jellies
  8 hounds
  A bullfrog skeleton (D:5)
  An iron imp (Orc:1)
  A centaur skeleton (D:12)
  24 orc wizards
  5 iguanas
  8 worker ants
  7 hell rats (Lair:1)
  A bullfrog simulacrum (D:9)
  2 hound zombies (D:10)
  3 hound skeletons
  2 gnolls
  12 adders
  2 shadow imps
  4 white imps
  A howler monkey simulacrum (D:9)
  A worker ant simulacrum (D:9)
  An ufetubus (D:5)
  2 oozes
  2 adder zombies
  6 adder skeletons
  5 worms
  8 leopard geckos
  91 orcs
  3 giant cockroaches
  12 goblins
  4 hobgoblins
  5 quokkas
  7 ball pythons
  A ball python zombie (D:6)
  8 bats
  3 frilled lizards
  A jackal zombie (D:5)
  17 kobolds
  A leopard gecko simulacrum (D:9)
  A leopard gecko zombie (D:6)
  8 rats
719 creatures vanquished.

Vanquished Creatures (others)
  12 fulminant prisms
  51 fungi
  117 plants
180 creatures vanquished.

Grand Total: 899 creatures vanquished

Notes
Turn   | Place    | Note
-------+----------+-------------------------------------------
     0 | D:1      | EnegeticOcto the Kobold Air Elementalist began the quest
                  | for the Orb.
     0 | D:1      | Reached XP level 1. HP: 10/10 MP: 3/3
   167 | D:1      | Reached skill level 3 in Stealth
   266 | D:1      | Reached XP level 2. HP: 11/15 MP: 0/5
   387 | D:1      | Reached skill level 2 in Conjurations
   960 | D:1      | Reached XP level 3. HP: 19/19 MP: 3/6
  1528 | D:2      | Learned a level 3 spell: Static Discharge
  1761 | D:2      | Noticed a sky beast
  2073 | D:2      | Reached skill level 3 in Conjurations
  2290 | D:2      | Reached XP level 4. HP: 24/24 MP: 3/7
  2985 | D:2      | Reached skill level 4 in Air Magic
  3504 | D:3      | Learned a level 2 spell: Swiftness
  3645 | D:3      | Reached XP level 5. HP: 28/28 MP: 6/8
  4081 | D:3      | Found a runed translucent door.
  4101 | D:3      | Noticed akumoriri's ghost (amateur GnTm)
  4616 | D:4      | Reached skill level 3 in Spellcasting
  4811 | D:4      | Noticed an ogre
  4919 | D:4      | Reached skill level 4 in Conjurations
  5025 | D:4      | Learned a level 4 spell: Airstrike
  5156 | D:4      | Noticed an ogre
  5200 | D:4      | Reached XP level 6. HP: 24/32 MP: 0/10
  5338 | D:4      | Noticed an ogre
  5707 | D:4      | Reached skill level 5 in Air Magic
  6306 | D:5      | Entered Level 5 of the Dungeon
  6381 | D:5      | Reached XP level 7. HP: 33/36 MP: 8/11
  6547 | D:5      | Reached skill level 6 in Air Magic
  6698 | D:5      | Reached skill level 1 in Fighting
  6704 | D:5      | Reached skill level 2 in Fighting
  7244 | D:5      | Reached skill level 7 in Air Magic
  7416 | D:5      | Reached XP level 8. HP: 41/44 MP: 7/12
  7513 | D:6      | Found Divugg's Jewellery Shop.
  7516 | D:6      | Found a blossoming altar of Fedhas.
  7523 | D:6      | Bought an uncursed ring of magical power for 260 gold
                  | pieces
  7618 | D:6      | Noticed a troll
  8119 | D:3      | Killed akumoriri's ghost
  8120 | D:3      | Reached skill level 8 in Air Magic
  8435 | D:6      | Found Ilyacam's General Store.
  8443 | D:6      | Reached skill level 9 in Air Magic
  8443 | D:6      | Bought a scroll of blinking for 82 gold pieces
  8795 | D:6      | Found a staircase to the Ecumenical Temple.
  8800 | Temple   | Entered the Ecumenical Temple
  8818 | Temple   | Became a worshipper of Vehumet
  9131 | D:6      | Reached XP level 9. HP: 48/48 MP: 13/13
  9473 | D:6      | Reached skill level 10 in Air Magic
  9608 | D:6      | Killed a troll
  9609 | D:6      | Reached skill level 3 in Dodging
  9739 | D:7      | Reached skill level 4 in Stealth
  9993 | D:7      | Reached skill level 3 in Fighting
 10317 | D:7      | Noticed Pikel
 10586 | D:7      | Killed Pikel
 10587 | D:7      | Reached skill level 4 in Fighting
 10587 | D:7      | Reached skill level 4 in Dodging
 10587 | D:7      | Reached skill level 5 in Stealth
 10587 | D:7      | Reached skill level 4 in Spellcasting
 10759 | D:7      | Reached * piety under Vehumet
 10759 | D:7      | Offered knowledge of Freeze by Vehumet.
 10901 | D:7      | Noticed P0WERM0DE's ghost (novice OpFE)
 10902 | D:7      | Noticed a hornet
 10907 | D:7      | Found a transporter.
 10907 | D:7      | Found a transporter.
 10957 | D:7      | Noticed Maggie
 10964 | D:7      | Killed Maggie
 10965 | D:7      | Reached skill level 5 in Dodging
 10965 | D:7      | Reached skill level 6 in Stealth
 10965 | D:7      | Reached XP level 10. HP: 37/58 MP: 6/17
 11182 | D:7      | Reached skill level 5 in Spellcasting
 11233 | D:7      | You fall into a shaft and drop 3 floors!
 11233 | D:10     | Entered Level 10 of the Dungeon
 11268 | D:10     | Reached skill level 5 in Fighting
 11399 | D:9      | Found Hiekuod's Distillery.
 11403 | D:9      | Reached skill level 7 in Stealth
 11458 | D:9      | Bought a potion of brilliance for 48 gold pieces
 11488 | D:9      | Noticed a two-headed ogre
 11509 | D:9      | Killed a two-headed ogre
 11510 | D:9      | Reached skill level 6 in Dodging
 11824 | D:8      | Noticed a two-headed ogre
 11849 | D:8      | Killed a two-headed ogre
 11850 | D:8      | Reached skill level 6 in Spellcasting
 12149 | D:7      | Found an ornate altar of the Wu Jian Council.
 12644 | D:8      | Found a sacrificial altar of Ru.
 12787 | D:8      | Got a translucent cloak
 12797 | D:8      | Identified the +3 cloak "Icuotat" {Dex+4 Stlth+} (You found
                  | it on level 8 of the Dungeon)
 13033 | D:8      | Reached skill level 1 in Evocations
 13232 | D:9      | Reached skill level 11 in Air Magic
 13232 | D:9      | Reached skill level 2 in Evocations
 13236 | D:9      | Reached skill level 7 in Spellcasting
 13240 | D:9      | Reached XP level 11. HP: 50/63 MP: 9/21
 13278 | D:9      | Offered knowledge of Foxfire by Vehumet.
 13279 | D:9      | Reached skill level 3 in Evocations
 13423 | D:9      | Reached ** piety under Vehumet
 13442 | D:9      | Noticed Grum
 13448 | D:9      | Killed Grum
 13584 | D:9      | Reached skill level 4 in Evocations
 13803 | D:9      | Reached skill level 5 in Evocations
 13906 | D:9      | Reached skill level 12 in Air Magic
 14164 | D:9      | Found a runed translucent gate.
 14164 | D:9      | Found a runed translucent gate.
 14276 | D:9      | Found a runed translucent gate.
 14371 | D:9      | Offered knowledge of Stone Arrow by Vehumet.
 14455 | D:9      | Found a stormy altar of Qazlal.
 14847 | D:9      | Reached *** piety under Vehumet
 14860 | D:9      | Found a sparkling altar of Nemelex Xobeh.
 14862 | D:9      | Found an ancient bone altar of Kikubaaqudgha.
 15083 | D:9      | Reached skill level 5 in Conjurations
 15226 | D:9      | Noticed Quickbrownfox's ghost (novice DsIE)
 15471 | D:9      | Killed Quickbrownfox's ghost
 15472 | D:9      | Reached skill level 6 in Conjurations
 15768 | D:10     | Reached skill level 1 in Armour
 15773 | D:10     | Offered knowledge of Hailstorm by Vehumet.
 15932 | D:9      | Learned a level 5 spell: Lightning Bolt
 16053 | D:10     | Reached skill level 2 in Armour
 16054 | D:10     | Reached skill level 8 in Spellcasting
 16324 | D:10     | Reached skill level 3 in Armour
 16324 | D:10     | Reached XP level 12. HP: 68/68 MP: 20/24
 16519 | D:10     | Reached **** piety under Vehumet
 16598 | D:10     | Reached skill level 4 in Armour
 16735 | D:10     | Found a staircase to the Lair.
 16891 | D:10     | Offered knowledge of Mephitic Cloud by Vehumet.
 16976 | D:10     | Learned a level 3 spell: Mephitic Cloud
 17508 | D:10     | Found a staircase to the Orcish Mines.
 17549 | Lair:1   | Entered Level 1 of the Lair of Beasts
 18283 | Lair:1   | Reached skill level 7 in Conjurations
 18626 | Lair:1   | Reached ***** piety under Vehumet
 18630 | Lair:1   | Offered knowledge of Fulminant Prism by Vehumet.
 18869 | Lair:1   | Learned a level 4 spell: Fulminant Prism
 19025 | Lair:2   | Noticed a six-headed hydra
 19040 | Lair:2   | Killed a six-headed hydra
 19315 | D:6      | Bought an uncursed ring of magical power for 260 gold
                  | pieces
 19484 | Lair:2   | Noticed Urug
 19488 | Lair:2   | Reached skill level 8 in Conjurations
 19491 | Lair:2   | Killed Urug
 19492 | Lair:2   | Reached skill level 13 in Air Magic
 19673 | Lair:2   | Noticed Prince Ribbit
 19676 | Lair:2   | Killed Prince Ribbit
 20028 | Lair:2   | Found a staircase to the Shoals.
 20315 | Lair:2   | Reached XP level 13. HP: 64/72 MP: 24/25
 20398 | Lair:2   | Reached skill level 14 in Air Magic
 20951 | Lair:3   | Found a staircase to the Snake Pit.
 21054 | Lair:3   | Found a transporter.
 21537 | Lair:3   | Noticed Nergalle
 21543 | Lair:3   | Killed Nergalle
 21544 | Lair:3   | Reached skill level 15 in Air Magic
 21835 | Lair:3   | Found a transporter.
 21836 | Lair:3   | Identified the +3 broad axe of the Empty Page {flame, rPois
                  | rC+ Str+4}
 21837 | Lair:3   | Identified the +8 trident of Zarumain {antimagic, rF- rC-
                  | rN+ Int+10}
 22250 | Lair:4   | Noticed a catoblepas
 22258 | Lair:4   | Killed a catoblepas
 22328 | Lair:4   | Reached skill level 6 in Fighting
 22328 | Lair:4   | Reached skill level 7 in Dodging
 22332 | Lair:4   | Offered knowledge of Freezing Cloud by Vehumet.
 22731 | Lair:4   | Reached skill level 8 in Dodging
 22753 | Lair:4   | Reached skill level 7 in Fighting
 23204 | Lair:4   | Noticed a boulder beetle
 23228 | Lair:4   | Killed a boulder beetle
 23986 | Lair:4   | Reached skill level 9 in Dodging
 23991 | Lair:4   | Reached skill level 8 in Fighting
 24293 | Lair:5   | Reached XP level 14. HP: 55/84 MP: 25/26
 24718 | Lair:5   | Found a runed translucent door.
 24719 | Lair:5   | Found a viscous altar of Jiyva.
 24719 | Lair:5   | Noticed an azure jelly
 24720 | Lair:5   | Noticed an azure jelly
 24725 | Lair:5   | Found a staircase to the Slime Pits.
 24924 | Lair:5   | Reached skill level 10 in Dodging
 25094 | Lair:5   | Reached skill level 9 in Fighting
 25390 | Lair:5   | Reached skill level 9 in Spellcasting
 26176 | Lair:6   | Entered Level 6 of the Lair of Beasts
 26497 | Lair:6   | Reached skill level 10 in Spellcasting
 26702 | Lair:6   | Reached skill level 11 in Spellcasting
 27577 | Lair:6   | Reached skill level 12 in Spellcasting
 27589 | Lair:6   | Offered knowledge of Spellforged Servitor by Vehumet.
 27635 | Lair:6   | Learned a level 7 spell: Spellforged Servitor
 27723 | Lair:6   | Reached XP level 15. HP: 90/90 MP: 31/31
 27860 | Lair:6   | Reached skill level 1 in Summonings
 28084 | Lair:6   | Reached skill level 6 in Evocations
 28366 | Lair:6   | Reached skill level 2 in Summonings
 29688 | D:11     | Noticed Harold
 29693 | D:11     | Killed Harold
 29925 | D:11     | Found a portal to a secret trove of treasure.
 30340 | D:12     | Reached skill level 3 in Summonings
 30890 | D:12     | Reached skill level 10 in Fighting
 30890 | D:12     | Reached skill level 7 in Evocations
 30915 | D:12     | Found Ramymaes's Distillery.
 30934 | D:12     | Bought a potion of cancellation for 136 gold pieces
 30934 | D:12     | Bought a potion of heal wounds for 85 gold pieces
 31133 | D:12     | Found a blossoming altar of Fedhas.
 31229 | Orc:1    | Entered Level 1 of the Orcish Mines
 31678 | Orc:1    | Offered knowledge of Iskenderun's Battlesphere by Vehumet.
 31726 | Orc:1    | Reached skill level 9 in Conjurations
 31762 | Orc:1    | Learned a level 5 spell: Iskenderun's Battlesphere
 32219 | Orc:2    | Entered Level 2 of the Orcish Mines
 32325 | Orc:2    | Noticed an orc warlord
 32409 | Orc:2    | Killed an orc warlord
 32505 | Orc:2    | Reached skill level 8 in Evocations
 32611 | Orc:2    | Noticed Maurice
 32614 | Orc:2    | Killed Maurice
 32972 | Orc:2    | Found Saaff's Magic Scroll Shoppe.
 33265 | Orc:2    | Found a staircase to the Elven Halls.
 33309 | Orc:2    | Found Qihy's General Store.
 33334 | Orc:2    | Bought a scroll of acquirement for 728 gold pieces
 33841 | Orc:2    | Reached skill level 11 in Fighting
 33928 | Orc:2    | Reached skill level 9 in Evocations
 33928 | Orc:2    | Reached XP level 16. HP: 87/100 MP: 32/32
 34016 | Orc:2    | Reached skill level 10 in Conjurations
 34143 | Orc:2    | Found Uchaenut's Gadget Shop.
 34143 | Orc:2    | Found Zoeto's Antique Armour Boutique.
 34143 | Orc:2    | Found a one-way gate leading to the halls of Pandemonium.
 34304 | Orc:2    | Bought a wand of digging (6) for 280 gold pieces
 34304 | Orc:2    | Bought a wand of paralysis (6) for 112 gold pieces
 34306 | Orc:2    | Bought a smoking leather armour for 147 gold pieces
 34306 | Orc:2    | Identified the cursed +0 leather armour of Ru's Reproof
                  | {+Blink Str+2 Int+3} (You bought it in a shop on level 2 of
                  | the Orcish Mines)
 34660 | Orc:1    | Noticed Fannar
 34669 | Orc:1    | Killed Fannar
 34669 | Orc:1    | Offered knowledge of Eringya's Noxious Bog by Vehumet.
 34927 | Orc:2    | Bought a glowing robe for 77 gold pieces
 34944 | Orc:2    | Bought a glowing robe for 77 gold pieces
 35405 | D:13     | Noticed Jorgrun
 35417 | D:13     | Reached skill level 12 in Fighting
 35420 | D:13     | Killed Jorgrun
 35421 | D:13     | Reached skill level 11 in Conjurations
 35423 | D:13     | Mangled by a boulder beetle

Illustrated notes

Levels and vault maps discovered:
D:1:      enne_arrival_octagon_isle, layout_loops_ring,
          wander_ebering_terrifying_dragon_lair
D:2:      minmay_chambers_of_twos, layout_basic, kennysheep_donut
D:3:      layout_loops_ring, hellmonk_ghost_happy_afterlife,
          serial_bayou_lagoon_a
D:4:      layout_basic, grunt_tough_drop
D:5:      layout_gridville
D:6:      layout_basic, kennysheep_mini, temple_doors_cd, serial_shops,
          shop_statue, shop, grunt_ministairs_9
D:7:      layout_loops_ring, kennysheep_mini_moat, gammafunk_ghost_hive,
          feat_on_display, uniq_pikel, uniq_maggie
D:8:      layout_basic, hangedman_ru_absence
D:9:      layout_roguey [special_room_bee], minitemple,
          nicolae_qazlal_general_emergency, serial_shops, shop,
          gammafunk_ghost_icy, hangedman_decor_peaks_small, uniq_grum
D:10:     layout_basic, david_lair_generic, orc_0_dummy, special_room
          [special_room_kobold]
D:11:     layout_basic, nicolae_trove_entry_isolated, abandoned_shop,
          uniq_harold
D:12:     layout_cave_pools, serial_shops, nicolae_shop_stone,
          fedhas_altar_decomposition
D:13:     layout_roguey, lightli_vaults_fourway_checkpoint, serial_shops, shop,
          uniq_erolcha, uniq_jorgrun
Temple:   lightli_temple_of_artemis
Lair:1:   layout_cave_shapes, st_stairs_12, serial_bayou_shore_a,
          lemuel_fruit_tree
Lair:2:   layout_long_grid, elwin_shoals_entry_rocks, infiniplex_staircase_pool,
          uniq_urug, uniq_prince_ribbit2
Lair:3:   layout_regular_city, minmay_snake_entry_guardpost_small,
          gammafunk_ghost_wrathful_warriors, uniq_nergalle
Lair:4:   layout_regular_city, beast_lair_carwin_5
Lair:5:   onia_ninara_swampy_vault, layout_regular_city, slime_altar_2,
          disabler_island, grunt_megastairs_3, minmay_lair_oklob_chamber
Lair:6:   evilmike_catoblepas_cave, layout_cave_pods, minivault_27,
          grunt_megastairs_2
Orc:1:    layout_diamond_mine, hangedman_minor_magic, uniq_fannar
Orc:2:    pf_orc_diabolical, layout_caves, uniq_maurice

Skill      XL: |  1  2  3  4  5  6  7  8  9 10 11 12 13 14 15 16 |
---------------+-------------------------------------------------+-----
Stealth        | 3 6 7 |  7.0
Conjurations   | 2 3 4 6 8 9 11 | 11.1
Air Magic      | 4 5 7 9 10 11 12 13 15 | 15.0
Spellcasting   | 3 4 7 8 12 | 12.0
Fighting       | 2 4 5 8 9 11 12 | 12.3
Dodging        | 5 6 9 10 | 10.0
Evocations     | 2 5 9 |  9.0
Armour         | 3 4 |  4.0
Summonings     | 3 |  3.7

Action                   |  1- 3 |  4- 6 |  7- 9 | 10-12 | 13-15 | 16-18 || total
-------------------------+-------+-------+-------+-------+-------+-------++-------
Melee: Unarmed           |     1 |       |       |       |       |       ||     1
       Dagger            |       |       |    11 |     7 |    21 |     1 ||    40
Throw: Dart              |       |     4 |       |       |       |       ||     4
 Cast: Shock             |    57 |   136 |    55 |     6 |       |       ||   254
       Static Discharge  |       |     3 |    23 |    96 |   180 |    24 ||   326
       Airstrike         |       |       |    62 |   263 |   490 |    51 ||   866
       Swiftness         |       |       |       |     4 |     2 |       ||     6
       Lightning Bolt    |       |       |       |     6 |    74 |     4 ||    84
       Fulminant Prism   |       |       |       |     2 |    10 |       ||    12
       Iskenderun's Batt |       |       |       |       |     1 |       ||     1
Evoke: Wand              |       |       |       |       |     1 |     2 ||     3
  Use: Scroll            |     7 |     4 |     7 |     7 |     8 |     2 ||    35
       Potion            |       |       |     1 |       |     1 |       ||     2
 Stab: Sleeping          |       |       |       |       |     2 |     1 ||     3
Armor: Robe              |     1 |    13 |    10 |       |       |       ||    24
       Steam dragon scal |       |       |       |    38 |    72 |     6 ||   116
Dodge: Dodged            |    10 |    46 |    27 |   125 |   275 |    31 ||   514
